| TOP OF THE 1ST |
|
Hagerstown Suns batting - Pitching for Kane County Cougars : RHP Jordan Rondon
|
|
Pitching: RHP Jordan Rondon
|
|
|
Batting: RHB Taffounnout Kame
|
0-0: Ball 1-0: Foul Ball, location: 2F 1-1: Ball 2-1: Called Strike 2-2: Ball 3-2: Ground out 5-3 (Groundball, 56, EV 101.9 MPH)
|
|
Batting: LHB Diego Gutierres
|
0-0: Swinging Strike 0-1: Swinging Strike 0-2: Strikes out looking
|
|
Batting: RHB Xavier Reeves
|
0-0: Called Strike 0-1: Swinging Strike 0-2: Strikes out looking
|
| Top of the 1st over - 0 runs, 0 hits, 0 errors, 0 left on base; Hagerstown 0 - Kane County 0 |
| BOTTOM OF THE 1ST |
|
Kane County Cougars batting - Pitching for Hagerstown Suns : RHP Nolan Carew
|
|
Pitching: RHP Nolan Carew
|
|
|
Batting: LHB J.P. Olson
|
0-0: Foul Ball, location: 2F 0-1: Ground out 4-3 (Groundball, 4, EV 81.9 MPH)
|
|
Batting: RHB Daniel Rivera
|
0-0: Ball 1-0: Ball 2-0: Called Strike 2-1: Ball 3-1: Base on Balls
|
|
Batting: RHB Chad Mendoza
|
0-0: Called Strike 0-1: Foul Ball, location: 2F 0-2: Ball 1-2: Ball 2-2: Strikes out swinging
|
|
Batting: RHB Longfellow Wetzler
|
0-0: Swinging Strike 0-1: Foul Ball, location: 2F 0-2: Ball 1-2: Foul Ball, location: 2F 1-2: Foul Ball, location: 2F 1-2: Fielders Choice at 2nd, 6-4 (Groundball, 6, EV 105.6 MPH)
|
| Bottom of the 1st over - 0 runs, 0 hits, 0 errors, 1 left on base; Hagerstown 0 - Kane County 0 |
| TOP OF THE 2ND |
|
Hagerstown Suns batting - Pitching for Kane County Cougars : RHP Jordan Rondon
|
|
Batting: RHB Leo Gutierrez
|
0-0: Foul Ball, location: 2F 0-1: Foul Ball, location: 2F 0-2: Ball 1-2: Foul Ball, location: 2F 1-2: Ball 2-2: Ball 3-2: Strikes out swinging
|
|
Batting: RHB Hun-hyeon Kym
|
0-0: Called Strike 0-1: Ground out 5-3 (Groundball, 56, EV 86.2 MPH)
|
|
Batting: RHB Jelexiz Cuenca
|
0-0: Ball 1-0: Called Strike 1-1: Ball 2-1: Fly out, F2 (Popup, 23F, EV 83.8 MPH)
|
| Top of the 2nd over - 0 runs, 0 hits, 0 errors, 0 left on base; Hagerstown 0 - Kane County 0 |
| BOTTOM OF THE 2ND |
|
Kane County Cougars batting - Pitching for Hagerstown Suns : RHP Nolan Carew
|
|
Batting: RHB Bobby Coulombe
|
0-0: Foul Ball, location: 2F 0-1: Ball 1-1: Ball 2-1: TRIPLE (Line Drive, 89XD, EV 102.5 MPH)
|
|
Batting: RHB Cesar Rendon
|
0-0: Called Strike 0-1: Foul Ball, location: 2F 0-2: Ball 1-2: Foul Ball, location: 2F 1-2: Ball 2-2: Strikes out swinging
|
|
Batting: RHB Mike Smith
|
0-0: Called Strike 0-1: Foul Ball, location: 2F 0-2: Strikes out swinging
|
|
Batting: RHB John Ricketts
|
0-0: Called Strike 0-1: Called Strike 0-2: Foul Ball, location: 2F 0-2: Foul Ball, location: 2F 0-2: Ball 1-2: Ball 2-2: Ground out 5-3 (Groundball, 5, EV 90.0 MPH)
|
| Bottom of the 2nd over - 0 runs, 1 hit, 0 errors, 1 left on base; Hagerstown 0 - Kane County 0 |
| TOP OF THE 3RD |
|
Hagerstown Suns batting - Pitching for Kane County Cougars : RHP Jordan Rondon
|
|
Batting: RHB Yok-sing Szema
|
0-0: Called Strike 0-1: Foul Ball, location: 2F 0-2: Ball 1-2: Ball 2-2: Ball 3-2: Strikes out swinging
|
|
Batting: RHB Jason Ewert
|
0-0: Ball 1-0: Ball 2-0: Called Strike 2-1: Foul Ball, location: 2F 2-2: Foul Ball, location: 2F 2-2: Strikes out swinging
|
|
Batting: SHB Jose Melendez
|
0-0: Ball 1-0: Ball 2-0: Reached via error on a dropped throw from 2B, E3 (Groundball, 4, EV 87.5 MPH)
|
|
Batting: RHB Taffounnout Kame
|
0-0: Ball 1-0: Foul Ball, location: 2F 1-1: Swinging Strike 1-2: Ball 2-2: Ball Jose Melendez steals 2nd, throwing error, E2 Jose Melendez to third 3-2: Strikes out swinging
|
| Top of the 3rd over - 0 runs, 0 hits, 2 errors, 1 left on base; Hagerstown 0 - Kane County 0 |
| BOTTOM OF THE 3RD |
|
Kane County Cougars batting - Pitching for Hagerstown Suns : RHP Nolan Carew
|
|
Batting: RHB Ernesto Zamora
|
0-0: Ground out 5-3 (Groundball, 56S, EV 90.0 MPH)
|
|
Batting: LHB J.P. Olson
|
0-0: SOLO HOME RUN (Flyball, 89XD, EV 105.0 MPH), Distance : 399 ft
|
|
Batting: RHB Daniel Rivera
|
0-0: Called Strike 0-1: Fly out, F3 (Popup, 3SF, EV 85.0 MPH)
|
|
Batting: RHB Chad Mendoza
|
0-0: Ball 1-0: Ball 2-0: Ball 3-0: Base on Balls
|
|
Batting: RHB Longfellow Wetzler
|
0-0: Ball 1-0: Foul Ball, location: 2F 1-1: Ball 2-1: Foul Ball, location: 2F 2-2: Ball 3-2: Foul Ball, location: 2F 3-2: Foul Ball, location: 2F 3-2: Foul Ball, location: 2F 3-2: Ground out 5-3 (Groundball, 56S, EV 87.5 MPH)
|
| Bottom of the 3rd over - 1 run, 1 hit, 0 errors, 1 left on base; Hagerstown 0 - Kane County 1 |
| TOP OF THE 4TH |
|
Hagerstown Suns batting - Pitching for Kane County Cougars : RHP Jordan Rondon
|
|
Batting: LHB Diego Gutierres
|
0-0: Ball 1-0: Ball 2-0: Ball 3-0: Called Strike 3-1: Called Strike 3-2: Strikes out looking
|
|
Batting: RHB Xavier Reeves
|
0-0: Foul Ball, location: 2F 0-1: Swinging Strike 0-2: Ground out 4-3 (Groundball, 4, EV 79.4 MPH)
|
|
Batting: RHB Leo Gutierrez
|
0-0: Swinging Strike 0-1: Ball 1-1: Called Strike 1-2: TRIPLE (Line Drive, 89XD, EV 106.9 MPH)
|
|
Batting: RHB Hun-hyeon Kym
|
0-0: Fly out, F9 (Flyball, 9LS, EV 95.6 MPH)
|
| Top of the 4th over - 0 runs, 1 hit, 0 errors, 1 left on base; Hagerstown 0 - Kane County 1 |
| BOTTOM OF THE 4TH |
|
Kane County Cougars batting - Pitching for Hagerstown Suns : RHP Nolan Carew
|
|
Batting: RHB Bobby Coulombe
|
0-0: Called Strike 0-1: Ball 1-1: SINGLE (Line Drive, 4D, EV 98.8 MPH)
|
|
Batting: RHB Cesar Rendon
|
0-0: Called Strike 0-1: Fly out, F8 (Flyball, 8RD, EV 100.6 MPH)
|
|
Batting: RHB Mike Smith
|
0-0: Called Strike 0-1: Foul Ball, location: 2F 0-2: Strikes out swinging
|
|
Batting: RHB John Ricketts
|
0-0: Ball 1-0: Foul Ball, location: 2F 1-1: Ball 2-1: Ball Bobby Coulombe steals 2nd base 3-1: Foul Ball, location: 2F 3-2: Foul Ball, location: 2F 3-2: Strikes out swinging
|
| Bottom of the 4th over - 0 runs, 1 hit, 0 errors, 1 left on base; Hagerstown 0 - Kane County 1 |
| TOP OF THE 5TH |
|
Hagerstown Suns batting - Pitching for Kane County Cougars : RHP Jordan Rondon
|
|
Batting: RHB Jelexiz Cuenca
|
0-0: Called Strike 0-1: Ball 1-1: Hit by Pitch
|
|
Batting: RHB Yok-sing Szema
|
0-0: Called Strike 0-1: Ball 1-1: Foul Ball, location: 2F 1-2: Foul Ball, location: 2F 1-2: Hit by Pitch Jelexiz Cuenca to second
|
|
Batting: RHB Jason Ewert
|
0-0: Fielders Choice at 2nd, 6-4 (Groundball, 6, EV 85.6 MPH) Jelexiz Cuenca to third
|
|
Pinch Hitting: RHB Rudolph Lentz
|
0-0: Called Strike 0-1: Called Strike 0-2: Strikes out swinging
|
|
Batting: RHB Taffounnout Kame
|
0-0: Called Strike 0-1: Foul Ball, location: 2F 0-2: Strikes out looking
|
| Top of the 5th over - 0 runs, 0 hits, 0 errors, 2 left on base; Hagerstown 0 - Kane County 1 |
| BOTTOM OF THE 5TH |
|
Kane County Cougars batting - Pitching for Hagerstown Suns : RHP Nolan Carew
|
|
Now in CF: Taffounnout Kame
|
|
|
Now in RF: Rudolph Lentz
|
|
|
Batting: RHB Ernesto Zamora
|
0-0: Ball 1-0: Ball 2-0: Called Strike 2-1: Foul Ball, location: 2F 2-2: Ground out 6-3 (Groundball, 6, EV 99.4 MPH)
|
|
Batting: LHB J.P. Olson
|
0-0: Ball 1-0: Ground out U3 (Groundball, 34S, EV 70.0 MPH)
|
|
Batting: RHB Daniel Rivera
|
0-0: Called Strike 0-1: Ball 1-1: Ground out 2-3 (Groundball, 15S, EV 71.9 MPH)
|
| Bottom of the 5th over - 0 runs, 0 hits, 0 errors, 0 left on base; Hagerstown 0 - Kane County 1 |
| TOP OF THE 6TH |
|
Hagerstown Suns batting - Pitching for Kane County Cougars : RHP Jordan Rondon
|
|
Batting: LHB Diego Gutierres
|
0-0: Ground out 4-3 (Groundball, 4MS, EV 88.8 MPH)
|
|
Batting: RHB Xavier Reeves
|
0-0: Foul Ball, location: 2F 0-1: Ball 1-1: Called Strike 1-2: Foul Ball, location: 2F 1-2: Foul Ball, location: 2F 1-2: Strikes out swinging
|
|
Batting: RHB Leo Gutierrez
|
0-0: Called Strike 0-1: Foul Ball, location: 2F 0-2: Fly out, F9 (Flyball, 89XD, EV 87.5 MPH)
|
| Top of the 6th over - 0 runs, 0 hits, 0 errors, 0 left on base; Hagerstown 0 - Kane County 1 |
| BOTTOM OF THE 6TH |
|
Kane County Cougars batting - Pitching for Hagerstown Suns : RHP Nolan Carew
|
|
Pitching: RHP John Kovach
|
|
|
Batting: RHB Chad Mendoza
|
0-0: Ground out 5-3 (Groundball, 5, EV 102.5 MPH)
|
|
Batting: RHB Longfellow Wetzler
|
0-0: Ball 1-0: Ball 2-0: Ground out 4-3 (Groundball, 4, EV 81.9 MPH)
|
|
Batting: RHB Bobby Coulombe
|
0-0: Ball 1-0: Ball 2-0: Called Strike 2-1: Ball 3-1: Swinging Strike 3-2: Fly out, F5 (Line Drive, 56, EV 71.9 MPH)
|
| Bottom of the 6th over - 0 runs, 0 hits, 0 errors, 0 left on base; Hagerstown 0 - Kane County 1 |
| TOP OF THE 7TH |
|
Hagerstown Suns batting - Pitching for Kane County Cougars : RHP Jordan Rondon
|
|
Batting: RHB Hun-hyeon Kym
|
0-0: Ball 1-0: Called Strike 1-1: Swinging Strike 1-2: Strikes out swinging
|
|
Batting: RHB Jelexiz Cuenca
|
0-0: Ball 1-0: Ball 2-0: Ball 3-0: Called Strike 3-1: SINGLE (Line Drive, 4MD, EV 95.6 MPH)
|
|
Batting: RHB Yok-sing Szema
|
0-0: Ball 1-0: Ball 2-0: Ground out 6-3 (Groundball, 6MD, EV 100.0 MPH) Jelexiz Cuenca to second
|
|
Pinch Hitting: RHB Aaron Bateman
|
0-0: Swinging Strike 0-1: Ground out U3 (Groundball, 3, EV 85.6 MPH)
|
| Top of the 7th over - 0 runs, 1 hit, 0 errors, 1 left on base; Hagerstown 0 - Kane County 1 |
| BOTTOM OF THE 7TH |
|
Kane County Cougars batting - Pitching for Hagerstown Suns : RHP John Kovach
|
|
Now at 2B: Aaron Bateman
|
|
|
Now at SS: Xavier Reeves
|
|
|
Batting: RHB Cesar Rendon
|
0-0: Foul Ball, location: 2F 0-1: Swinging Strike 0-2: Ball 1-2: Ball 2-2: Ball 3-2: Strikes out looking
|
|
Batting: RHB Mike Smith
|
0-0: Ball 1-0: Ball 2-0: Ball 3-0: Base on Balls
|
|
Batting: RHB John Ricketts
|
0-0: Called Strike 0-1: Foul Ball, location: 2F 0-2: Strikes out looking
|
|
Batting: RHB Ernesto Zamora
|
0-0: Ball Mike Smith is caught stealing 2nd base 2-4
|
| Bottom of the 7th over - 0 runs, 0 hits, 0 errors, 0 left on base; Hagerstown 0 - Kane County 1 |
| TOP OF THE 8TH |
|
Hagerstown Suns batting - Pitching for Kane County Cougars : RHP Jordan Rondon
|
|
Now in CF: Jeff Trapp
|
|
|
Batting: RHB Rudolph Lentz
|
0-0: DOUBLE (Line Drive, 7LD, EV 95.6 MPH)
|
|
Batting: RHB Taffounnout Kame
|
0-0: Called Strike 0-1: Ball 1-1: Bunt - Flyout to 3S - DP at third! 3-6
|
|
Batting: LHB Diego Gutierres
|
0-0: Ball 1-0: SOLO HOME RUN (Flyball, 9D, EV 98.8 MPH), Distance : 386 ft
|
|
Batting: RHB Xavier Reeves
|
0-0: Ball 1-0: SINGLE (Groundball, 56D, EV 100.6 MPH)
|
|
Pitching: RHP Jaylen Hatten
|
|
|
Batting: RHB Leo Gutierrez
|
0-0: Called Strike Xavier Reeves steals 2nd base 0-1: Ball 1-1: Foul Ball, location: 2F 1-2: Ball 2-2: Ball 3-2: Base on Balls
|
|
Batting: RHB Hun-hyeon Kym
|
0-0: SINGLE (Line Drive, 4D, EV 102.5 MPH) Xavier Reeves to third Leo Gutierrez to second Runner from 3rd tries for Home, SAFE, throw by CF to home
|
|
Batting: RHB Jelexiz Cuenca
|
0-0: Ball 1-0: Fielders Choice at 2nd, 6-4 (Groundball, 6, EV 78.8 MPH)
|
| Top of the 8th over - 2 runs, 4 hits, 0 errors, 2 left on base; Hagerstown 2 - Kane County 1 |
| BOTTOM OF THE 8TH |
|
Kane County Cougars batting - Pitching for Hagerstown Suns : RHP John Kovach
|
|
Pitching: LHP Kevin Besser
|
|
|
Now at 1B: Jessie Fisher
|
|
|
Batting: RHB Ernesto Zamora
|
0-0: Ball 1-0: Foul Ball, location: 2F 1-1: Ball 2-1: Called Strike 2-2: Strikes out swinging
|
|
Batting: LHB J.P. Olson
|
0-0: Ball 1-0: Foul Ball, location: 2F 1-1: Ball 2-1: Ground out 4-3 (Groundball, 34, EV 84.4 MPH)
|
|
Batting: RHB Daniel Rivera
|
0-0: Called Strike 0-1: Ball 1-1: Foul Ball, location: 2F 1-2: Foul Ball, location: 2F 1-2: Foul Ball, location: 2F 1-2: DOUBLE (Line Drive, 7LS, EV 90.0 MPH)
|
|
Batting: RHB Chad Mendoza
|
0-0: Called Strike 0-1: Ball 1-1: Foul Ball, location: 2F 1-2: Ball 2-2: Ball 3-2: Ground out U3 (Groundball, 13, EV 85.6 MPH)
|
| Bottom of the 8th over - 0 runs, 1 hit, 0 errors, 1 left on base; Hagerstown 2 - Kane County 1 |
| TOP OF THE 9TH |
|
Hagerstown Suns batting - Pitching for Kane County Cougars : RHP Jaylen Hatten
|
|
Batting: RHB Yok-sing Szema
|
0-0: Foul Ball, location: 2F 0-1: Ball 1-1: Called Strike 1-2: Ball 2-2: Strikes out looking
|
|
Batting: RHB Aaron Bateman
|
0-0: Called Strike 0-1: Swinging Strike 0-2: Ball 1-2: Ball 2-2: Fly out, F4 (Line Drive, 4M, EV 64.4 MPH)
|
|
Batting: RHB Rudolph Lentz
|
0-0: Ground out 6-3 (Groundball, 6, EV 82.5 MPH)
|
| Top of the 9th over - 0 runs, 0 hits, 0 errors, 0 left on base; Hagerstown 2 - Kane County 1 |
| BOTTOM OF THE 9TH |
|
Kane County Cougars batting - Pitching for Hagerstown Suns : LHP Kevin Besser
|
|
Pitching: LHP Gregg Huddleston
|
|
|
Batting: RHB Longfellow Wetzler
|
0-0: Ball 1-0: Fly out, F9 (Flyball, 9S, EV 81.9 MPH)
|
|
Batting: RHB Bobby Coulombe
|
0-0: Ball 1-0: Ball 2-0: Ball 3-0: Called Strike 3-1: Called Strike 3-2: Strikes out swinging
|
|
Pinch Hitting: RHB Jeremy Adams
|
0-0: Foul Ball, location: 2F 0-1: Called Strike 0-2: Foul Ball, location: 2F 0-2: Fly out, F6 (Popup, 6S, EV 74.4 MPH)
|
| Bottom of the 9th over - 0 runs, 0 hits, 0 errors, 0 left on base; Hagerstown 2 - Kane County 1 |
|